 Dungeon Crawl Stone Soup version 0.28-a0-1087-gf3fc490d9d (webtiles) character file.

Game seed: 11669075606587977683

364 siradein the Skirmisher (level 6, -4/48 HPs)
             Began as a Vampire Fighter on Dec 11, 2021.
             Slain by an ogre (26 damage)
             ... on level 4 of the Dungeon.
             The game lasted 00:06:40 (3447 turns).

siradein the Skirmisher (Vampire Fighter)           Turns: 3447, Time: 00:06:41

Health: -4/48      AC:  6    Str: 17    XL:     6   Next: 39%
Magic:  6/6        EV: 14    Int: 11    God:
Gold:   107        SH:  5    Dex: 13    Spells: 5/5 levels left

rFire   . . .      SeeInvis +   a - +0 long sword
rCold   . . .      Faith    .   c - +0 buckler
rNeg    . . .      Spirit   .   b - +0 scale mail
rPois   .          Reflect  .   (no helmet)
rElec   .          Harm     .   (no cloak)
rCorr   .          Rampage  .   (no gloves)
Will    .....                   (no boots)
Stlth   ..........              (no amulet)
HPRegen 0.36/turn               g - +4 ring of evasion
MPRegen 0.10/turn               (no ring)

@: healing quickly
A: alive, fangs 3, see invisible, vampiric 2
a: Exsanguinate


You were on level 4 of the Dungeon.
You visited 1 branch of the dungeon, and saw 4 of its levels.
You also visited: Sewer.

You collected 107 gold pieces.

Inventory:

Hand Weapons
 a - a +0 long sword (weapon)
Armour
 b - a +0 scale mail (worn)
 c - a +0 buckler (worn)
Jewellery
 g - a +4 ring of evasion (left hand)
 k - a ring of ice
Wands
 q - a wand of iceblast (7)
Scrolls
 e - 4 scrolls of identify {unknown}
 h - a scroll of fog {unknown}
 i - a scroll of summoning {unknown}
 o - 3 scrolls of teleportation
 p - a scroll of noise {unknown}
 r - a scroll of vulnerability {unknown}
Potions
 d - 2 potions of might
 f - a potion of heal wounds {unknown}
 j - a potion of degeneration {unknown}
 m - a potion of mutation {unknown}
 n - 5 potions of flight


   Skills:
 + Level 3.8 Fighting
 + Level 3.5 Long Blades
 + Level 3.3 Armour
 + Level 2.9 Dodging
 + Level 3.7 Shields


You had 5 spell levels left.
You didn't know any spells.
Your spell library contained the following spells:

 Spells                   Type           Power      Damage    Failure   Level
 Sandblast                Erth           0%         2d4       77%         1
 Passwall                 Tmut/Erth      0%         N/A       88%         2
 Stone Arrow              Conj/Erth      0%         3d7       98%         3


Dungeon Overview and Level Annotations

Branches:
Dungeon (4/15)              Sewer (visited)
 Temple: D:4-7

Altars:
Zin


Innate Abilities, Weirdness & Mutations

Your natural rate of healing is accelerated.
You have razor-sharp teeth.
You have supernaturally acute eyesight. (SInv)
You are afflicted with vampirism and can become a bat while bloodless.


Message History

Done exploring.
Done exploring.
(D) Dungeon
Where to? (Enter - D:3, ? - help)
What level of the Dungeon? (default 1, ? - help)
There is an open door here.
There is a stone staircase leading down here.
You climb downwards.
Found a potion of might.
There is a stone staircase leading up here.
d - 2 potions of might (gained 1)
You open the door.
There is an open door here.
You open the door.
An ogre comes into view. It is wielding a +0 giant club.
Found 10 gold pieces.
The ogre shouts!
There is an open door here.
You hit the ogre.
The ogre is lightly wounded.
You block the ogre's attack.
You hit the ogre but do no damage.
The ogre is lightly wounded.
You block the ogre's attack.
You slash the ogre!
The ogre is moderately wounded.
The ogre completely misses you.
You slash the ogre!
The ogre is heavily wounded.
The ogre misses you.
You slash the ogre!
The ogre is almost dead.
The ogre hits you with a +0 giant club!!
Ouch! That really hurt!
You are too injured to fight recklessly!
There is an open door here.
There is a stone staircase leading up here.
The ogre hits you with a +0 giant club!!
Ouch! That really hurt!
You die...

#..##...+ #.......
+..##..# #..##..#
#..##..# ##..##..#
#.......#
#.......#
######..##O@#
#....#'###..#
#....#..#.....
#....#..#.......
#....'..#.........
#....#..#.........
#....#..#.........
#....#..####+####.
......#..#


You could see an ogre.

Vanquished Creatures
  An ogre (D:3)
  2 hounds (D:3)
  A merfolk siren (Sewer)
  A merfolk avatar (Sewer)
  4 gnolls (D:3)
  3 adders
  2 worms
  4 dart slugs
  An orc (D:2)
  6 ball pythons
  2 endoplasms (D:1)
  2 giant cockroaches
  12 goblins
  5 hobgoblins
  2 jackals (D:2)
  7 kobolds
  6 quokkas
  3 bats
  10 frilled lizards
  35 rats
109 creatures vanquished.

Vanquished Creatures (others)
  2 fungi (D:1)
  A plant (D:1)
3 creatures vanquished.

Grand Total: 112 creatures vanquished

Notes
Turn   | Place    | Note
-------+----------+-------------------------------------------
     0 | D:1      | siradein the Vampire Fighter began the quest for the Orb.
     0 | D:1      | Reached XP level 1. HP: 17/17 MP: 1/1
   179 | D:1      | Reached XP level 2. HP: 23/23 MP: 2/2
   440 | D:1      | Found a faded altar of an unknown god.
   867 | D:2      | Reached skill level 1 in Dodging
   867 | D:2      | Gained mutation: You are afflicted with vampirism and can
                  | become a bat while bloodless. [Vampire growth]
   867 | D:2      | Reached XP level 3. HP: 29/29 MP: 3/3
  1586 | D:2      | Reached XP level 4. HP: 35/35 MP: 4/4
  2018 | D:3      | Reached XP level 5. HP: 21/41 MP: 5/5
  2223 | D:3      | Found a glowing drain.
  2229 | Sewer    | Entered a sewer
  2857 | D:3      | Reached XP level 6. HP: 48/48 MP: 6/6
  3447 | D:4      | Slain by an ogre

Illustrated notes

Levels and vault maps discovered:
D:1:      dpeg_arrival_pond, layout_loops_ring,
          shapermc_ecumenical_altar_acropolis, minivault_27,
          minmay_crystal_room, minmay_misc_feat_more_columns
D:2:      kennysheep_the_goblin_king, layout_basic, basic_altar
D:3:      layout_loops_corners, gup_sewer_entry_bowl, minmay_misc_feat_iff,
          minmay_misc_feat_x
D:4:      layout_gridville

Skill      XL: |  1  2  3  4  5 |
---------------+----------------+-----
Fighting       | 3 |  3.8
Dodging        | 1 2 |  2.9
Shields        | 3 |  3.7
Armour         | 3 |  3.3
Long Blades    | 3 |  3.5

Action                   |  1- 3 |  4- 6 || total
-------------------------+-------+-------++-------
Melee: Long sword        |   129 |   264 ||   393
       Bite              |    13 |    18 ||    31
Throw: Throwing net      |       |     1 ||     1
Armor: Scale mail        |    56 |    49 ||   105
Dodge: Dodged            |    71 |   149 ||   220
Block: Buckler           |    33 |    68 ||   101

Table legend: (Time is in decaauts)
 A = Elapsed time spent in this place.
 B = Non-inter-level travel time spent in this place.
 C = Inter-level travel time spent in this place.
 D = Time resting spent in this place.
 E = Time spent auto-exploring this place.
 F = Levels seen in this place.
 G = Mean time per level.
                   A        B        C        D        E       F      G
               +--------+--------+--------+--------+--------+-----+--------+
         Total |   3613 |   3521 |     92 |      0 |   2251 |   5 |  722.6 |
       Dungeon |   3042 |   2950 |     92 |      0 |   1992 |   4 |  760.5 |
         Sewer |    571 |    571 |      0 |      0 |    259 |   1 |  571.0 |
               +--------+--------+--------+--------+--------+-----+--------+

Top non-repeatable levels by time:
     D:3: 1235 daAuts
     D:2: 925 daAuts
     D:1: 847 daAuts
   Sewer: 571 daAuts
     D:4: 34 daAuts
